 Dungeon Crawl Stone Soup version 0.30-a0-395-gfe72c296f8 (webtiles) character file.

Game seed: 2248858548904496454

138 Bnni the Insei (level 4, 0/54 HPs)
             Began as a Demigod Transmuter on Dec 7, 2022.
             Slain by an iguana (6 damage)
             ... on level 4 of the Dungeon.
             The game lasted 00:05:07 (2707 turns).

Bnni the Insei (Demigod Transmuter)                 Turns: 2707, Time: 00:05:08

Health: 0/54       AC: 22    Str: 11    XL:     4   Next: 70%
Magic:  9/10       EV:  2    Int: 19    God:
Gold:   93         SH:  0    Dex: 14    Spells: 1/7 levels left

rFire   . . .      SeeInvis .      - Unarmed
rCold   . . .      Faith    .    (no shield)
rNeg    . . .      Spirit   .    (body armour currently unavailable)
rPois   +          Reflect  .    (helmet currently unavailable)
rElec   .          Harm     .    (cloak currently unavailable)
rCorr   +          Rampage  .    (gloves currently unavailable)
Will    .....      NoTele   +    (boots currently unavailable)
Stlth   +.........               (no amulet)
HPRegen 0.29/turn                h - ring of resist corrosion
MPRegen 0.12/turn                (no ring)

@: tree-form, wereblooded
A: stationary, stasis, torment immunity, boosted hp, high MP 1, forlorn, divine
attributes
a: no special abilities


You were on level 4 of the Dungeon.
You were a tree.
You visited 1 branch of the dungeon, and saw 4 of its levels.

You collected 93 gold pieces.

Inventory:

Armour
 a - a +0 robe (melded)
 g - a +0 cloak (melded)
Jewellery
 h - a ring of resist corrosion (left branch)
Scrolls
 d - a scroll of immolation
 e - 2 scrolls of poison
 i - a scroll of blinking
Potions
 f - a potion of cancellation


   Skills:
 + Level 1.7 Fighting
 - Level 1.7 Dodging
 * Level 3.6 Unarmed Combat
 + Level 2.2 Spellcasting
 * Level 3.0 Transmutations
 + Level 1.0 Poison Magic


You had one spell level left.
You knew the following spells:

 Your Spells              Type           Power      Damage    Failure   Level
a - Beastly Appendage     Tmut           26%        N/A       4%          1
b - Wereblood             Tmut           13%        N/A       7%          2
c - Spider Form           Tmut/Pois      9%         N/A       22%         3

Your spell library contained the following spells:

 Spells                   Type           Power      Damage    Failure   Level
 Ice Form                 Ice/Tmut       7%         N/A       65%         4


Dungeon Overview and Level Annotations

Branches:
Dungeon (4/15)
 Temple: D:4-7

Shops:
D:3 ((=

Annotations:
D:4 1 runed translucent door


Innate Abilities, Weirdness & Mutations

You are a tree.
Your roots penetrate the ground, keeping you stationary.
You cannot be teleported.
You are immune to unholy pain and torment.
Your maximum health is greatly increased.
Your equipment is partially melded.
You have an increased reservoir of magic. (+10% MP)
You shall have no god before yourself.
Your divine heritage dramatically boosts your attributes as you level up.


Message History

Confirm with . or Enter, or press ? or * to list all spells.
Your blood is infused with primal strength.
An orc comes into view. It is wielding a +0 short sword.
The orc shouts!
The orc hits you with a +0 hand axe.
You hit the orc.
The orc is lightly wounded.
The orc barely misses you. The orc hits you with a +0 hand axe.
You hit the orc but do no damage.
An iguana comes into view.
The orc hits you with a +0 hand axe. The orc hits you but does no damage.
The iguana hisses angrily.
You hit the orc.
The orc is severely wounded.
The orc hits you with a +0 hand axe.
You hit the orc but do no damage.
The orc is severely wounded.
The orc hits you with a +0 hand axe. x2
You are too injured to fight recklessly!
You are too injured to fight recklessly!
You are too injured to fight recklessly!
The orc hits you with a +0 hand axe!
* * * LOW HITPOINT WARNING * * *
The orc attacks as you move away! The orc hits you with a +0 short sword.
* * * LOW HITPOINT WARNING * * *
You hit the orc but do no damage. The orc hits you with a +0 short sword.
* * * LOW HITPOINT WARNING * * *
You barely miss the orc. The orc misses you.
You hit the orc but do no damage. The orc hits you with a +0 short sword.
* * * LOW HITPOINT WARNING * * *
The iguana hisses menacingly.
You hit the orc but do no damage.
Really quaff the potion of lignification?
You turn into a tree.
Your +0 cloak melds into your body.
Your +0 robe melds into your body.
Your roots penetrate the ground.
The orc hits you but does no damage. The iguana completely misses you.
You hit the orc.
The orc is severely wounded.
The orc hits you but does no damage. The iguana bites you.
You die...

#..<..# #.#
#.#.#.#####.#.#
# #.#...).#.#.#
#....##.#.#.#
####....#.#l###
###..#.#...#
#..).#...#
#..#.#...+
#.##♣lo..#
#...o#o..#
########...#
#...# #...#
.#.# # .


You could see an iguana and 3 orcs.

Vanquished Creatures
  Crazy Yiuf (D:2)
  Terence (D:2)
  2 adders
  4 worms
  A dart slug (D:1)
  4 orcs (D:2)
  4 endoplasms
  2 giant cockroaches (D:1)
  5 goblins
  5 hobgoblins
  4 jackals (D:2)
  2 quokkas (D:3)
  3 ball pythons
  2 bats
  2 frilled lizards
  5 kobolds
  4 rats
51 creatures vanquished.

Notes
Turn   | Place    | Note
-------+----------+-------------------------------------------
     0 | D:1      | Bnni the Demigod Transmuter began the quest for the Orb.
     0 | D:1      | Reached XP level 1. HP: 15/15 MP: 5/5
   142 | D:1      | Reached skill level 1 in Fighting
   294 | D:1      | Reached XP level 2. HP: 21/23 MP: 7/7
   324 | D:1      | Learned a level 2 spell: Wereblood
   776 | D:2      | Identified the +0 ring mail of the Sun {rPois Stlth+}
   822 | D:2      | Reached XP level 3. HP: 18/28 MP: 8/8
  1208 | D:2      | Found a runed translucent door.
  1208 | D:2      | Noticed Terence
  1217 | D:2      | Killed Terence
  1323 | D:2      | Noticed Crazy Yiuf
  1330 | D:2      | Learned a level 3 spell: Spider Form
  1343 | D:2      | Killed Crazy Yiuf
  1344 | D:2      | Reached XP level 4. HP: 10/36 MP: 7/10
  1962 | D:3      | Reached skill level 1 in Poison Magic
  1985 | D:3      | Found Ixetoarph's Jewellery Shop.
  2126 | D:3      | Found Upifol's Antique Weapon Shoppe.
  2280 | D:3      | Found Xuic's Antique Weapon Emporium.
  2397 | D:3      | Found a glowing drain.
  2674 | D:4      | Found a runed translucent door.
  2707 | D:4      | Slain by an iguana

Illustrated notes

Levels and vault maps discovered:
D:1:      psy_arrival_statuary, layout_basic,
          shapermc_ecumenical_altar_starsandcircs,
          corexii_item_surrounded_by_moat, minmay_misc_feat_chi, minivault_23
D:2:      layout_rooms, wad_orctagon, uniq_crazy_yiuf_cottage, uniq_terence
D:3:      layout_loops_ring, serial_shops, nicolae_shop_overgrown_old_shop,
          shop, nicolae_shop_behind_doors, cheibrodos_sewer_entry_bend,
          reono_crystal_passage
D:4:      layout_basic, lemuel_doored_altar,
          mainiacjoe_overflow_surrounded_room, hellmonk_ghost_happy_afterlife,
          uniq_natasha

Skill      XL: |  1  2  3  4 |
---------------+-------------+-----
Fighting       | 1 |  1.7
Transmutations | 2 3 |  3.0
Unarmed Combat | 3 |  3.6
Spellcasting   | 2 |  2.2
Poison Magic   | 1 |  1.0
Dodging        | |  1.7

Action                   |  1- 3 |  4- 6 || total
-------------------------+-------+-------++-------
Melee: Unarmed           |   148 |    58 ||   206
       Kick              |     7 |     4 ||    11
       Headbutt          |     6 |     2 ||     8
       Punch             |     4 |     1 ||     5
 Cast: Beastly Appendage |     5 |     3 ||     8
       Wereblood         |     1 |     1 ||     2
       Spider Form       |     1 |       ||     1
  Use: Scroll            |       |     4 ||     4
       Potion            |       |     2 ||     2
Armor: Robe              |    25 |    12 ||    37
       Skin              |       |     3 ||     3
Dodge: Dodged            |    93 |    24 ||   117

Table legend: (Time is in decaauts)
 A = Elapsed time spent in this place.
 B = Non-inter-level travel time spent in this place.
 C = Inter-level travel time spent in this place.
 D = Time resting spent in this place.
 E = Time spent auto-exploring this place.
 F = Levels seen in this place.
 G = Mean time per level.
                   A        B        C        D        E       F      G
               +--------+--------+--------+--------+--------+-----+--------+
         Total |   2700 |   2586 |    114 |    246 |   1875 |   4 |  675.0 |
       Dungeon |   2700 |   2586 |    114 |    246 |   1875 |   4 |  675.0 |
               +--------+--------+--------+--------+--------+-----+--------+

Top non-repeatable levels by time:
     D:2: 1156 daAuts
     D:3: 900 daAuts
     D:1: 610 daAuts
     D:4: 31 daAuts
